 Dungeon Crawl Stone Soup version 0.31-a0-149-g3fdcc5976a (webtiles) character file.

Game seed: 16912458865680781619

18 qw the Shooter (level 2, -2/25 HPs)
             Began as a Minotaur Hunter on June 7, 2023.
             Slain by an orc wizard
             ... wielding a +0 dagger
              (4 damage)
             ... on level 2 of the Dungeon.
             The game lasted 00:00:10 (349 turns).

qw the Shooter (Minotaur Hunter)                     Turns: 349, Time: 00:00:10

Health: -2/25      AC:  3    Str: 15    XL:     2   Next: 51%
Magic:  1/1        EV: 12    Int:  6    God:
Gold:   17         SH:  0    Dex: 13    Spells: 1/1 levels left

rFire   . . .        a - +0 shortbow
rCold   . . .        (shield currently unavailable)
rNeg    . . .        c - +0 leather armour
rPois   .            (helmet restricted)
rElec   .            (no cloak)
rCorr   .            (no gloves)
SInv    .            (no boots)
Will    .....        (no amulet)
Stlth   +            (no ring)
HPRegen 0.24/turn    (no ring)
MPRegen 0.07/turn

%: no passive effects
@: no status effects
A: horns 2, retaliatory headbutt
a: no special abilities


You were on level 2 of the Dungeon.
You visited 1 branch of the dungeon, and saw 2 of its levels.

You collected 17 gold pieces.


Innate Abilities, Weirdness & Mutations

You have a pair of horns on your head.
You reflexively headbutt those who attack you in melee.


   Skills:
 + Level 2.9 Fighting
 - Level 5.0 Ranged Weapons
 - Level 2.1 Dodging
 - Level 0.7 Stealth


You had one spell level left.
You didn't know any spells.
Your spell library was empty.

Inventory:

Hand Weapons
 a - a +0 shortbow (weapon)
Armour
 c - a +0 leather armour (worn)
Scrolls
 b - a scroll of butterflies
 d - 2 scrolls of poison {unknown}
 e - a scroll of brand weapon {unknown}
 f - a scroll of teleportation {unknown}
Potions
 g - a potion of mutation {unknown}

Dungeon Overview and Level Annotations

Branches:
Dungeon (1/15)

Altars:

Shops:
D:1 =


Message History

The arrow hits the orc but does no damage.
The orc is almost dead.
Something hits you.
You shoot an arrow.
The arrow hits the orc but does no damage.
The orc is almost dead.
You shoot an arrow. The arrow hits the orc!
You kill the orc!
Something hits you.
You shoot an arrow.
You hear some strange, mumbled words.
A magic dart appears from out of thin air!
The magic dart hits you.
You shoot an arrow. Something hits you. x2
You shoot an arrow.
You hear some strange, mumbled words.
You are confused.
You shoot an arrow. Something completely misses you.
You shoot an arrow. Something hits you.
You shoot an arrow. Something hits you.
You shoot an arrow. Something hits you but does no damage.
You shoot an arrow. Something hits you.
You shoot an arrow.
You feel less confused. Something hits you. x2
You shoot an arrow. Something hits you but does no damage.
You shoot an arrow. Something hits you but does no damage.
You shoot an arrow. Something barely misses you.
You shoot an arrow. Something hits you.
You die...

##....# #.##.#
#.##.# #.##.#
#.##.# ##
##.##..
....###%..######
#..............
#####.@{#######
##)## #.# #.)
#..# #..# #..#
#..#


There were no monsters in sight!

Vanquished Creatures
  4 orcs (D:2)
  A ball python (D:1)
  2 kobolds (D:1)
  2 quokkas
  A bat (D:1)
  A frilled lizard (D:1)
  2 goblins (D:1)
  A rat (D:1)
14 creatures vanquished.

Notes
Turn   | Place    | Note
-------+----------+-------------------------------------------
     0 | D:1      | qw the Minotaur Hunter began the quest for the Orb.
     0 | D:1      | Reached XP level 1. HP: 18/18 MP: 0/0
     0 | D:1      | 0 ||| qw: Version: 0.2-a-117-gc6b5c8b
     0 | D:1      | 0 ||| qw: Game counter: 2613
     0 | D:1      | 0 ||| qw: Always use a shield: true
     0 | D:1      | 0 ||| qw: God list: Okawaru
     0 | D:1      | 0 ||| qw: Allow faded altars: false
     0 | D:1      | 0 ||| qw: Do Orc after D:15 true
     0 | D:1      | 0 ||| qw: Do second Lair branch before Depths: true
     0 | D:1      | 0 ||| qw: Lair rune preference: random
     0 | D:1      | 0 ||| qw: Plans: Normal
     0 | D:1      | 0 ||| PLANNING D:1-11
   190 | D:1      | Reached XP level 2. HP: 25/25 MP: 1/1
   201 | D:1      | Found Otuysif's Jewellery Boutique.
   210 | D:1      | 210 ||| SHOPLISTING +6 ring of strength (360 gold, have
                  | 17).
   210 | D:1      | 210 ||| SHOPLISTING amulet of the acrobat (300 gold, have
                  | 17).
   210 | D:1      | 210 ||| SHOPLISTING ring of Dithry {rC+ Int+3 Slay+3} (509
                  | gold, have 17).
   210 | D:1      | 210 ||| SHOPLISTING ring of ice (250 gold, have 17).
   210 | D:1      | 210 ||| SHOPLISTING ring of positive energy (200 gold, have
                  | 17).
   272 | D:1      | You fall into a shaft and drop 1 floor!
   317 | D:2      | Reached skill level 5 in Ranged Weapons
   344 | D:2      | HP: 6/25 [something (2)]
   345 | D:2      | HP: 1/25 [something (3)]
   349 | D:2      | Slain by an orc wizard

Levels and vault maps discovered:
D:1:      wander_arrival_abandoned_jail, layout_basic, serial_shops, shop
D:2:      layout_loops_ring, serial_shops, shop, grunt_ministairs_14

Skill      XL: |  1  2 |
---------------+-------+-----
Ranged Weapons | 5 |  5.0
Fighting       | |  2.9
Dodging        | |  2.1
Stealth        | |  0.7

Action                     || total
---------------------------++-------
   Fire: Shortbow          ||    55
 Armour: Leather armour    ||     4
  Dodge: Dodged            ||    10

Table legend:
 A = Non-vault XP
 B = Vault XP
 C = Vault XP percentage of total XP
 D = Non-vault monster count
 E = Vault monster count
 F = Vault count percentage of total count
                 A         B        C        D         E       F
            +---------+---------+-------+---------+---------+-------
      Total |      27 |       0 |   0.0 |      14 |       0 |   0.0
            +---------+---------+-------+---------+---------+-------
        D:1 |      13 |       0 |   0.0 |       9 |       0 |   0.0
        D:2 |      14 |       0 |   0.0 |       5 |       0 |   0.0
            +---------+---------+-------+---------+---------+-------
